Cogmind - Beta 12 @@@ ROGUE MODE // 2023.03.12 @ 00:36:32 Player: ArabianSandBoa Result: Escaped! Performance ------------- Evolutions (9) 4500 Regions Visited (20) 4000 Robots Destroyed (149) 745 Value Destroyed (4450) 4450 Prototype IDs (46) 920 Alien Tech Used (1) 200 Bonus (9277) 9277 TOTAL SCORE: 24092 Bonus ------- High Alert Combat Kills 393 Follower Combat Kills 649 Entered DSFs 1000 Aligned with FarCom 300 Recovered Sigix Corpse 4000 Win 3000 Friendly Fire -65 Cogmind --------- Core Integrity 1600/1600 Matter 146/300 Energy 294/312 System Corruption 1% Temperature Cool (39) Movement Flying (30) Location To Epsilon Eridani Parts ------- > --- POWER (3) -------- Multi-Antimatter Reactor > --- PROPULSION (7) --- Flying ITA Exoskeleton Advanced Surge Thruster Q-thruster Q-thruster > --- UTILITY (12) ----- Armored Scrap Engine Advanced Power Amplifier Advanced Power Amplifier Advanced Heat Sink Huge Storage Unit Enhanced Optical Array Long-range Sensor Array Advanced Signal Interpreter 0b10 Alert Chip Weapon Mount Improved System Shield > --- WEAPON (3) ------- Cycling Thermic Dispersion Construct/C > --- INVENTORY (25) --- Centrium Wheel Centrium Wheel Cooled Antigrav System Q-thruster Improved Coolant Injector Experimental Energy Well Advanced Terrain Scanner Advanced Reaction Control System Graphene Brace Improved Thermal Shield EM Disruption Field Advanced Force Field Improved System Restoration Module Subatomic Replicator Wave Gun Compact HERF Cannon Advanced Remote Datajack Core Stripper Sigix Corpse Sigix Corpse Peak State ------------ > --- POWER ------------ Multi-Antimatter Reactor > --- PROPULSION ------- Flying ITA Exoskeleton Advanced Surge Thruster Q-thruster Q-thruster > --- UTILITY ---------- Armored Scrap Engine Advanced Power Amplifier Advanced Power Amplifier Advanced Heat Sink Huge Storage Unit Enhanced Optical Array Long-range Sensor Array Advanced Signal Interpreter 0b10 Alert Chip Weapon Mount Improved System Shield > --- WEAPON ----------- Cycling Thermic Dispersion Construct/C > --- INVENTORY -------- Centrium Wheel Centrium Wheel Cooled Antigrav System Q-thruster Improved Coolant Injector Experimental Energy Well Advanced Weight Redist. System Advanced Terrain Scanner Advanced Reaction Control System Graphene Brace Improved Thermal Shield EM Disruption Field Advanced Force Field Improved System Restoration Module Subatomic Replicator Wave Gun Compact HERF Cannon Advanced Remote Datajack Core Stripper Sigix Corpse Sigix Corpse [Rating: 174] Favorites ----------- Power Light Ion Engine Engine Light Ion Engine Power Core Neutrino Core Reactor Constructs Propulsion Light Treads Treads Light Treads Leg Aluminum Leg Wheel Compact Wheel Flight Unit Constructs Utility High-capacity Storage Unit Device Armored Scrap Engine Storage High-capacity Storage Unit Processor 0b10 Alert Chip Hackware Improved System Shield Protection Medium Armor Plating Weapon Improved EM Shotgun Energy Gun Improved EM Shotgun Energy Cannon Constructs Ballistic Gun Autogun Ballistic Cannon Constructs Launcher Mini Grenade Launcher Slashing Weapon Ripper Build | -11 -10 -10 -9 -9 -9 -8 -8 -8 -8 -6 -6 -5 -4 -4 -4 -3 -3 -2 -2 -1 ------- Run | Jun Mat Min Mat Min Exi Min Mat Sto Rec Fac DSF Fac Fac Was Fac Res Qua Res DSF Acc Slots Evolved 18 | . . . 2 . . . 2 . . 4 . 2 2 . . 2 . 2 . 2 Power 2 | . . . . . . . . . . 1 . . . . . 1 . . . . Propulsion 5 | . . . 2 . . . 2 . . . . 1 . . . . . . . . Utility 10 | . . . . . . . . . . 3 . 1 2 . . 1 . 2 . 1 Weapon 1 | . . . . . . . . . . . . . . . . . . . . 1 Parts Attached 145 | . 9 6 12 2 1 2 15 28 6 1 2 14 4 . 3 11 5 13 5 6 Power 12 | . 1 . 1 1 . . 1 5 . . . 2 . . . . . 1 . . Engine 10 | . 1 . 1 1 . . 1 5 . . . . . . . . . 1 . . Core 2 | . . . . . . . . . . . . 2 . . . . . . . . Reactor . | . . . . . . . . . . . . . . . . . . . . . Propulsion 44 | . 3 3 3 1 . . 5 8 3 . . 6 . . 2 4 . . 3 3 Treads 17 | . . . 3 1 . . 3 6 3 . . 1 . . . . . . . . Leg . | . . . . . . . . . . . . . . . . . . . . . Wheel 8 | . 3 2 . . . . 2 . . . . . . . 1 . . . . . Hover . | . . . . . . . . . . . . . . . . . . . . . Flight 19 | . . 1 . . . . . 2 . . . 5 . . 1 4 . . 3 3 Utility 50 | . 3 . 2 . 1 . . . 1 1 2 6 4 . 1 7 5 12 2 3 Device 31 | . 1 . 1 . . . . . 1 . 1 5 3 . . 3 4 7 2 3 Storage 4 | . 1 . . . 1 . . . . . . . . . . 1 . 1 . . Processor 9 | . 1 . . . . . . . . . 1 . 1 . 1 3 1 1 . . Hackware 3 | . . . . . . . . . . 1 . . . . . . . 2 . . Protection 3 | . . . 1 . . . . . . . . 1 . . . . . 1 . . Artifact . | . . . . . . . . . . . . . . . . . . . . . Weapon 39 | . 2 3 6 . . 2 9 15 2 . . . . . . . . . . . Energy Gun 15 | . . . 3 . . . 5 7 . . . . . . . . . . . . Energy Cannon 3 | . 2 . . . . . . 1 . . . . . . . . . . . . Ballistic Gun 6 | . . 1 3 . . . 2 . . . . . . . . . . . . . Ballistic Cannon . | . . . . . . . . . . . . . . . . . . . . . Launcher 11 | . . 2 . . . 2 2 4 1 . . . . . . . . . . . Special Weapon . | . . . . . . . . . . . . . . . . . . . . . Impact Weapon . | . . . . . . . . . . . . . . . . . . . . . Slashing Weapon 4 | . . . . . . . . 3 1 . . . . . . . . . . . Piercing Weapon . | . . . . . . . . . . . . . . . . . . . . . Special Melee Weapon . | . . . . . . . . . . . . . . . . . . . . . Unidentified Prototypes 10 | . 1 . 1 . . . 1 5 . . . . . . . 1 . 1 . . Corrupted Parts 3 | . . 1 . . . . 2 . . . . . . . . . . . . . System Corruption 15 | . . 1 . . . . 14 . . . . . . . . . . . . . Parts Lost 33 | . 3 2 . 1 . . 5 5 2 . 1 9 1 . . 2 . 1 1 . Power 6 | . 1 1 . . . . 1 1 . . . 1 . . . . . 1 . . Propulsion 17 | . . 1 . 1 . . 3 4 2 . . 5 . . . 1 . . . . Utility 7 | . 1 . . . . . . . . . . 3 1 . . 1 . . 1 . Weapon 3 | . 1 . . . . . 1 . . . 1 . . . . . . . . . Highest Loss Streak 9 | . 2 1 . 1 . . 2 2 2 . 1 9 1 . . 1 . 1 1 . To Critical Strikes . | . . . . . . . . . . . . . . . . . . . . . Average Slot Usage (%) 82 | . 86 95 92 99 91 88 78 84 89 72 83 63 76 73 79 65 52 55 61 61 Engine 7 | . 10 11 9 11 11 11 8 8 9 6 6 2 5 5 . . . 1 4 1 Treads 25 | . . . 17 37 44 44 35 48 50 33 33 15 . . 1 2 . 2 4 3 Wheel 4 | . 16 26 11 6 . . 8 . . . . . . . . . . . . . Flight 3 | . . . 10 . . . . . 3 6 6 13 31 31 31 15 4 1 6 5 Device 7 | . 3 14 9 . . . . . 8 6 11 13 25 26 26 22 21 20 14 24 Storage 8 | . 14 14 11 11 10 11 9 9 . . . . . . . 2 4 4 4 4 Processor 2 | . 2 . . . . . . . . . 4 5 8 5 9 11 10 13 13 12 Protection 1 | . . . 1 11 3 . . . . . . 1 . . . . . . 2 . Energy Gun 9 | . 16 . 2 22 22 14 6 13 5 . . . . . . . . . . . Energy Cannon 2 | . 10 12 . . . . . . . . . . . . 1 4 4 4 4 4 Launcher 2 | . . 16 5 . . 8 7 3 6 6 5 . . . . . . . . . Naked Turns . | . . . . . . . . . . . . . . . . . . . . . Heaviest Build 220 | 14 53 52 58 58 209 209 217 220 215 19 20 29 30 29 29 65 67 124 120 145 Greatest Support 194 | 20 26 32 16 83 83 83 123 125 125 102 102 122 29 29 32 96 128 162 171 194 Greatest Overweight (x) 13 | . 2 2 3 3 2 2 13 2 1 . . 1 1 . . 2 . . . . Average Overweight (x) . | . 1 1 2 1 . 2 5 1 . . . . . . . . . . . . Largest Inventory Capacity 35 | . 20 20 20 20 35 35 35 35 35 5 5 5 5 5 5 20 20 25 25 25 Average Capacity 22 | . 19 20 20 20 29 35 35 35 6 5 5 5 5 5 5 14 20 22 25 25 Most Carried 35 | . 20 20 20 20 32 32 35 35 34 5 5 5 5 5 5 11 20 25 25 24 Average Carried 20 | . 15 18 18 19 24 32 34 34 5 5 2 3 4 5 4 6 15 20 24 21 Final Capacity 35 | 8 20 20 20 20 35 35 35 35 5 5 5 5 5 5 5 20 20 25 25 25 Final Carried 35 | 6 17 19 20 20 32 32 34 35 5 5 4 5 5 5 5 11 20 25 24 21 Scrap Engine Consumption 84 | . . . . . . . . . 23 . . 7 3 4 . 17 1 8 10 11 Constructs Created 8 | . . . . . . . . . 1 . 1 3 . . . 1 . . . 2 Constructs Modified 20 | . . . . . . . . . . . . 1 2 . 4 4 1 2 . 6 Class Distribution -------------------- 35% | Mutant 29% | Hauler-Mutant 21% | Scavenger-Mutant Dominant Class ---------------- Mutant | -10/Materials Mutant | -10/Mines Mutant | -9/Materials Mutant | -9/Mines Hauler-Mutant | -9/Exiles Hauler-Mutant | -8/Mines Hauler-Mutant | -8/Materials Hauler-Mutant | -8/Storage Scavenger-Mutant | -8/Recycling Scavenger-Mutant | -6/Factory Scavenger-Mutant | -6/DSF Scavenger-Mutant | -5/Factory Scavenger-Sprinter | -4/Factory Scavenger-Sprinter | -4/Waste Scavenger-Sprinter | -4/Factory Mutant | -3/Research Mutant | -3/Quarantine Hacker-Skirmisher | -2/Research Hacker-Skirmisher | -2/DSF Skirmisher | -1/Access Resources | -11 -10 -10 -9 -9 -9 -8 -8 -8 -8 -6 -6 -5 -4 -4 -4 -3 -3 -2 -2 -1 ----------- Run | Jun Mat Min Mat Min Exi Min Mat Sto Rec Fac DSF Fac Fac Was Fac Res Qua Res DSF Acc Matter Collected 2744 | 200 65 181 166 123 . . 354 491 189 . 33 49 118 . . 252 188 134 45 156 Remotely . | . . . . . . . . . . . . . . . . . . . . . Salvage Created 4974 | . 520 52 156 417 . 20 832 1009 434 18 40 125 118 . 46 526 223 134 119 185 Parts 310 | . 26 10 19 32 . 6 56 61 23 3 4 8 5 . 1 26 15 6 8 1 Haulers Intercepted 8 | . 1 . 1 . . . 1 2 . . . . . . . 1 . 1 . 1 Recyclers Shooed 5 | . . . . 1 . . 1 . 3 . . . . . . . . . . . Parts Field Recycled . | . . . . . . . . . . . . . . . . . . . . . Retrieved Matter . | . . . . . . . . . . . . . . . . . . . . . Parts Self-Destructed . | . . . . . . . . . . . . . . . . . . . . . Prevented . | . . . . . . . . . . . . . . . . . . . . . Kills | -11 -10 -10 -9 -9 -9 -8 -8 -8 -8 -6 -6 -5 -4 -4 -4 -3 -3 -2 -2 -1 ------- Run | Jun Mat Min Mat Min Exi Min Mat Sto Rec Fac DSF Fac Fac Was Fac Res Qua Res DSF Acc Combat Hostiles Destroyed 102 | . 10 7 2 13 . 3 22 25 2 . 1 5 2 . . 5 2 . 2 1 Melee 2 | . . . . . . . . . 2 . . . . . . . . . . . Guns 34 | . 8 . 2 13 . . 4 7 . . . . . . . . . . . . Cannons 22 | . 2 . . . . . . 3 . . . 5 2 . . 5 2 . 2 1 AOE 43 | . . 7 . . . 3 17 15 . . 1 . . . . . . . . . Classes Destroyed 17 | . 6 1 1 1 . . 2 3 . . . . 1 . . 1 . . . 1 Worker 6 | . 1 1 . . . . 2 2 . . . . . . . . . . . . Builder 7 | . . . . . . . 5 . . . . . . . . . 2 . . . Tunneler 1 | . . . . . . . . . . . . . . . . . . . . 1 Hauler 8 | . 1 . 1 . . . 1 2 . . . . . . . 1 . 1 . 1 Recycler 11 | . . . . . . . 4 2 4 . . . . . . 1 . . . . Mechanic 1 | . 1 . . . . . . . . . . . . . . . . . . . Operator 4 | . . . 1 . . . . 1 . 1 . . . . . . . 1 . . Watcher 10 | . 2 . 2 . . . 1 2 . . . . . . 1 1 1 . . . Swarmer 40 | . 3 3 1 8 . 3 10 7 . . . 5 . . . . . . . . Cutter 4 | . . . . . . . . . . . . . . . . 2 . . 2 . Grunt 34 | . 7 3 1 3 . . 9 10 . . . . . . . 1 . . . . Brawler 1 | . . . . . . . . 1 . . . . . . . . . . . . Sentry 13 | . . . . 2 . . 3 5 2 . . . . . . . . . . 1 Demolisher 1 | . . . . . . . . 1 . . . . . . . . . . . . Hunter 2 | . . . . . . . . 1 . . 1 . . . . . . . . . Programmer 6 | . . . . . . . . . . . . . 2 . . 2 2 . . . Assembled 1 | . . 1 . . . . . . . . . . . . . . . . . . Best Kill Streak 14 | . 4 6 2 6 . 3 14 9 4 1 1 3 2 . 1 3 4 1 2 1 Combat Bots Only 8 | . 3 6 2 6 . 3 7 8 1 . 1 3 2 . . 2 2 . 2 1 Max Kills in Single Turn 4 | . 2 3 2 1 . 3 4 4 1 1 1 1 1 . 1 1 1 1 1 1 Gunslinging 1 | . . . 1 . . . . . . . . . . . . . . . . . Exploded 4 | . . 3 . . . 3 4 4 . . 1 . . . . . . . . . Melee 1 | . . . . . . . . . 1 . . . . . . . . . . . Uniques/NPCs Destroyed . | . . . . . . . . . . . . . . . . . . . . . Combat | -11 -10 -10 -9 -9 -9 -8 -8 -8 -8 -6 -6 -5 -4 -4 -4 -3 -3 -2 -2 -1 -------- Run | Jun Mat Min Mat Min Exi Min Mat Sto Rec Fac DSF Fac Fac Was Fac Res Qua Res DSF Acc Damage Taken 6584 | . 505 272 125 301 . . 742 1426 105 . 366 1306 165 . 172 338 240 105 243 173 Core 910 | . 103 124 27 22 . . 11 213 . . 72 184 23 . 42 . 89 . . . Absorbed by Shields . | . . . . . . . . . . . . . . . . . . . . . Regen/Repaired (Parts) 1170 | . . . . . . . . . . . . 120 124 . 193 100 . 365 . 268 Core Remaining (%) 81 | 100 . 9 . . . 87 . . 59 . 91 81 . . 94 . 93 . 100 100 Volleys Fired 394 | . 41 10 13 23 . 1 36 56 5 1 2 22 12 2 15 37 52 21 7 38 Largest 2 | . 2 2 2 2 . 2 2 2 2 1 1 1 1 1 1 1 1 1 1 2 Hottest 136 | . 136 60 90 90 . 60 90 113 111 36 36 136 86 86 86 63 63 63 63 127 Shots Fired 537 | . 80 17 26 46 . 2 63 84 6 1 2 22 12 2 15 37 52 21 7 42 Gun 224 | . 52 . 24 46 . . 42 55 5 . . . . . . . . . . . Cannon 249 | . 28 . . . . . . 11 . . . 22 12 2 15 37 52 21 7 42 Launcher 64 | . . 17 2 . . 2 21 18 1 1 2 . . . . . . . . . Special . | . . . . . . . . . . . . . . . . . . . . . Kinetic 174 | . . . 20 . . . 4 . . . . 22 12 2 15 37 52 6 . 4 Thermal 133 | . 28 . . . . . . 43 2 . . . . . . . . 15 7 38 Explosive 64 | . . 17 2 . . 2 21 18 1 1 2 . . . . . . . . . Electromagnetic 166 | . 52 . 4 46 . . 38 23 3 . . . . . . . . . . . Robot Hit Streak 20 | . 6 5 9 8 . . 9 20 6 7 8 3 4 2 3 9 3 6 3 5 Robot Miss Streak 6 | . 3 2 2 3 . . 5 3 2 . . 4 1 . 1 2 4 . 1 6 Penetration Max 1 | . . . . . . . . . . . . . . . . 1 1 . . . Secondary Targets 6 | . 1 . 1 3 . . . 1 . . . . . . . . . . . . Max Gunslinging Chain 1 | . 1 . 1 1 . . . 1 . . . . . . . . . . . . Shots Hit Robots 289 | . 51 7 17 38 . . 36 60 13 1 1 10 8 2 2 16 8 5 4 10 Core Hits 218 | . 21 9 9 21 . 3 54 58 6 1 4 5 4 . 1 9 6 2 2 3 Critical Kills . | . . . . . . . . . . . . . . . . . . . . . Critical Parts Destroyed . | . . . . . . . . . . . . . . . . . . . . . Critical Strikes 2 | . . . . . . . . 2 . . . . . . . . . . . . Burn 2 | . . . . . . . . 2 . . . . . . . . . . . . Melee Attacks 16 | . . . . . . . . 6 10 . . . . . . . . . . . Impact . | . . . . . . . . . . . . . . . . . . . . . Slashing 16 | . . . . . . . . 6 10 . . . . . . . . . . . Piercing . | . . . . . . . . . . . . . . . . . . . . . Sneak Attacks 5 | . . . . . . . . . 5 . . . . . . . . . . . Combat Hostiles 1 | . . . . . . . . . 1 . . . . . . . . . . . Follow-up Attacks . | . . . . . . . . . . . . . . . . . . . . . Damage Inflicted 12801 | . 834 825 338 555 . 143 2622 2751 556 46 234 457 316 80 78 1038 649 346 279 654 Guns 2858 | . 459 . 243 525 . . 596 943 92 . . . . . . . . . . . Cannons 4425 | . 353 . . . . . . 187 . . . 457 316 80 78 1038 637 346 279 654 Explosions 5054 | . 22 825 95 30 . 143 2026 1621 . 46 234 . . . . . 12 . . . Melee 464 | . . . . . . . . . 464 . . . . . . . . . . . Ramming . | . . . . . . . . . . . . . . . . . . . . . Kinetic 2927 | . . . 179 . . . 58 . . . . 457 316 80 78 1038 637 . . 84 Thermal 2634 | . 375 . . 30 . . 142 857 35 . . . . . . . . 346 279 570 Explosive 4724 | . . 825 95 . . 143 1884 1497 . 46 234 . . . . . . . . . Electromagnetic 2052 | . 459 . 64 525 . . 538 397 57 . . . . . . . 12 . . . Impact . | . . . . . . . . . . . . . . . . . . . . . Slashing 464 | . . . . . . . . . 464 . . . . . . . . . . . Piercing . | . . . . . . . . . . . . . . . . . . . . . Highest Corruption 14 | . . 6 . . . . 14 14 14 . . . 2 9 9 . 2 . . 1 Average Corruption 11 | . . 5 . . . . 9 14 14 . . . 1 6 9 . 1 . . 1 Corruption Purged . | . . . . . . . . . . . . . . . . . . . . . Corruption Blocked . | . . . . . . . . . . . . . . . . . . . . . Effects 87 | . . 1 . . . . . 60 18 . . . 1 1 4 . 1 . . 1 Message Errors 17 | . . 1 . . . . . 11 4 . . . . . . . 1 . . . Matter Fused 18 | . . . . . . . . 12 5 . . . . . 1 . . . . . Heat Flow Errors 16 | . . . . . . . . 14 1 . . . . . 1 . . . . . Energy Discharges 10 | . . . . . . . . 5 2 . . . 1 1 . . . . . 1 Parts Rejected 2 | . . . . . . . . . 2 . . . . . . . . . . . Parts Fused 2 | . . . . . . . . 2 . . . . . . . . . . . . Data Loss (minor) 10 | . . . . . . . . 8 1 . . . . . 1 . . . . . Data Loss (major) 4 | . . . . . . . . 2 2 . . . . . . . . . . . Misfires 2 | . . . . . . . . 2 . . . . . . . . . . . . Alerts 2 | . . . . . . . . 1 . . . . . . 1 . . . . . Weapon Failures 4 | . . . . . . . . 3 1 . . . . . . . . . . . Overload Shots . | . . . . . . . . . . . . . . . . . . . . . Overflow Damage 718 | . 12 70 19 . . . 51 134 32 . 13 27 . . 5 174 78 39 . 64 Projectiles 380 | . 12 . . . . . . . . . . 27 . . 5 174 78 20 . 64 Explosions 306 | . . 70 19 . . . 51 134 . . 13 . . . . . . 19 . . Melee 32 | . . . . . . . . . 32 . . . . . . . . . . . Knockbacks 26 | . . . . . . . . . . . . 4 7 . . 12 3 . . . Impact . | . . . . . . . . . . . . . . . . . . . . . Kinetic 21 | . . . . . . . . . . . . 4 5 . . 9 3 . . . Secondary 5 | . . . . . . . . . . . . . 2 . . 3 . . . . Self-Inflicted Damage 636 | . . 100 71 23 . . 89 178 . . 53 . . . . . 17 105 . . Shots 18 | . . 4 2 1 . . 4 4 . . 1 . . . . . 1 1 . . Rammed . | . . . . . . . . . . . . . . . . . . . . . Targets Rammed . | . . . . . . . . . . . . . . . . . . . . . Kicked . | . . . . . . . . . . . . . . . . . . . . . Crushed . | . . . . . . . . . . . . . . . . . . . . . Highest Temperature 472 | . 430 1 60 198 . . 143 290 121 . 13 472 192 60 126 56 42 44 9 332 Average Temperature 97 | . 110 1 30 86 . . 53 100 44 . 13 230 108 39 53 23 20 22 2 89 Received Heat Transfer 1206 | . 246 48 27 36 . . 207 414 45 . 117 . . . . 12 36 . . 18 Effects 12 | . 2 . . . . . . 1 . . . 9 . . . . . . . . Energy Bleed 3 | . 1 . . . . . . 1 . . . 1 . . . . . . . . Interference 3 | . . . . . . . . . . . . 3 . . . . . . . . Matter Decay 1 | . . . . . . . . . . . . 1 . . . . . . . . Damage (minor) 1 | . 1 . . . . . . . . . . . . . . . . . . . Damage (major) 4 | . . . . . . . . . . . . 4 . . . . . . . . Siege Activations . | . . . . . . . . . . . . . . . . . . . . . Robots Corrupted 1 | . . . . . . . 1 . . . . . . . . . . . . . Combat Hostiles 1 | . . . . . . . 1 . . . . . . . . . . . . . Parts Fried 3 | . 1 . . . . . 2 . . . . . . . . . . . . . Impact Corruptions 2 | . . . . . . . . . . . . . . . . 2 . . . . Robots Melted . | . . . . . . . . . . . . . . . . . . . . . Combat Hostiles . | . . . . . . . . . . . . . . . . . . . . . Parts Melted 5 | . 1 . . . . . . 4 . . . . . . . . . . . . Heat Transferred 3288 | . 629 . . 50 . . 200 1706 74 . . . . . . . . 185 148 296 Parts Sabotaged . | . . . . . . . . . . . . . . . . . . . . . Parts Stolen . | . . . . . . . . . . . . . . . . . . . . . Parts Stripped . | . . . . . . . . . . . . . . . . . . . . . Power Chain Reactions 8 | . 1 . . 2 . . 2 3 . . . . . . . . . . . . Missiles Intercepted . | . . . . . . . . . . . . . . . . . . . . . Alert | -11 -10 -10 -9 -9 -9 -8 -8 -8 -8 -6 -6 -5 -4 -4 -4 -3 -3 -2 -2 -1 ------- Run | Jun Mat Min Mat Min Exi Min Mat Sto Rec Fac DSF Fac Fac Was Fac Res Qua Res DSF Acc Peak Influence 915 | . 190 167 285 204 . 86 643 915 392 90 167 239 227 109 148 235 312 300 285 347 Initial 343 | . . 50 48 111 . . 33 260 343 80 63 87 116 79 76 77 31 85 225 170 Average 271 | . 82 71 154 114 . 13 374 741 364 90 126 156 177 90 112 137 122 191 244 251 Maximum Alert Level 3 | . . . 1 1 . . 2 3 1 . . 1 1 . . 1 1 1 1 1 Low Security (%) 58 | . 100 100 79 90 . 100 28 . . 100 100 55 55 100 100 91 79 50 . 19 Level 1 19 | . . . 20 9 . . 10 4 99 . . 44 44 . . 8 20 49 100 80 Level 2 8 | . . . . . . . 61 21 . . . . . . . . . . . . Level 3 13 | . . . . . . . . 74 . . . . . . . . . . . . Level 4 . | . . . . . . . . . . . . . . . . . . . . . Level 5 . | . . . . . . . . . . . . . . . . . . . . . High Security . | . . . . . . . . . . . . . . . . . . . . . Max Security . | . . . . . . . . . . . . . . . . . . . . . Squads Dispatched 25 | . 1 . 1 . . . 4 7 . . 1 . . . 1 3 1 1 1 4 Investigation 6 | . 1 . 1 . . . . 2 . . . . . . . . . 1 . 1 Extermination 4 | . . . . . . . . . . . . . . . . 2 1 . . 1 Reinforcement 10 | . . . . . . . 3 1 . . 1 . . . 1 1 . . 1 2 Assault 3 | . . . . . . . . 3 . . . . . . . . . . . . Garrison 2 | . . . . . . . 1 1 . . . . . . . . . . . . Intercept . | . . . . . . . . . . . . . . . . . . . . . Searches Triggered . | . . . . . . . . . . . . . . . . . . . . . Construction Impeded 3 | . . . . . . . 2 1 . . . . . . . . . . . . Haulers Reinforced 1 | . . . . . . . . . . . . . . . . . . . . 1 Active Scanning Responses . | . . . . . . . . . . . . . . . . . . . . . Cargo Convoy Interrupts . | . . . . . . . . . . . . . . . . . . . . . Stealth | -11 -10 -10 -9 -9 -9 -8 -8 -8 -8 -6 -6 -5 -4 -4 -4 -3 -3 -2 -2 -1 --------- Run | Jun Mat Min Mat Min Exi Min Mat Sto Rec Fac DSF Fac Fac Was Fac Res Qua Res DSF Acc Distress Signals 10 | . 2 . 1 1 . . 3 2 . . . . . . 1 . . . . . Communications Jammed . | . . . . . . . . . . . . . . . . . . . . . Distress Signals . | . . . . . . . . . . . . . . . . . . . . . Times Spotted 170 | . 14 10 8 15 . 3 29 42 2 . 7 7 2 6 5 7 6 1 3 3 Peak Tracking Total 10 | . 3 10 3 4 . 3 9 9 1 . 4 5 3 6 4 3 2 1 2 1 Tactical Retreats 8 | . . 1 . . . . 2 . . . . 1 . . 2 1 . . 1 . Traps | -11 -10 -10 -9 -9 -9 -8 -8 -8 -8 -6 -6 -5 -4 -4 -4 -3 -3 -2 -2 -1 ------- Run | Jun Mat Min Mat Min Exi Min Mat Sto Rec Fac DSF Fac Fac Was Fac Res Qua Res DSF Acc Traps Triggered 8 | . 1 . 1 . . . . 1 . . 1 . 1 . . 2 . . . 1 Indirectly . | . . . . . . . . . . . . . . . . . . . . . Trap Hack Attempts . | . . . . . . . . . . . . . . . . . . . . . Triggered . | . . . . . . . . . . . . . . . . . . . . . Disarmed . | . . . . . . . . . . . . . . . . . . . . . Reprogrammed . | . . . . . . . . . . . . . . . . . . . . . Reused . | . . . . . . . . . . . . . . . . . . . . . Traps Extracted . | . . . . . . . . . . . . . . . . . . . . . Installed . | . . . . . . . . . . . . . . . . . . . . . Triggered . | . . . . . . . . . . . . . . . . . . . . . Machines | -11 -10 -10 -9 -9 -9 -8 -8 -8 -8 -6 -6 -5 -4 -4 -4 -3 -3 -2 -2 -1 ---------- Run | Jun Mat Min Mat Min Exi Min Mat Sto Rec Fac DSF Fac Fac Was Fac Res Qua Res DSF Acc Machines Disabled 37 | . 1 1 1 1 . . 2 7 . . 1 4 . . 1 1 11 3 1 2 Max in Single Turn 4 | . 1 1 1 . . . 2 1 . . 1 4 . . 1 1 1 1 1 1 Garrison Access 1 | . . . . . . . . 1 . . . . . . . . . . . . Machines Repaired . | . . . . . . . . . . . . . . . . . . . . . Machines Sabotaged . | . . . . . . . . . . . . . . . . . . . . . Overloaded Fab Kills . | . . . . . . . . . . . . . . . . . . . . . Hacking | -11 -10 -10 -9 -9 -9 -8 -8 -8 -8 -6 -6 -5 -4 -4 -4 -3 -3 -2 -2 -1 --------- Run | Jun Mat Min Mat Min Exi Min Mat Sto Rec Fac DSF Fac Fac Was Fac Res Qua Res DSF Acc Machines Accessed 33 | . 3 . 4 . 1 . 1 9 1 1 . 1 1 . 2 1 2 4 . 2 Terminals 24 | . 3 . 3 . . . 1 7 . 1 . 1 1 . . . 2 3 . 2 Fabricators . | . . . . . . . . . . . . . . . . . . . . . Repair Stations . | . . . . . . . . . . . . . . . . . . . . . Recycling Units 7 | . . . 1 . . . . 2 1 . . . . . 2 . . 1 . . Scanalyzers . | . . . . . . . . . . . . . . . . . . . . . Garrison Access 1 | . . . . . . . . . . . . . . . . 1 . . . . Total Hacks 88 | . 10 . 18 . 1 . 3 26 1 1 . 4 1 . 5 1 2 10 . 5 Successful 43 | . 2 . 9 . 1 . 2 13 1 1 . 2 1 . 3 . 2 6 . . Failed 44 | . 8 . 8 . . . 1 13 . . . 2 . . 2 1 . 4 . 5 Catastrophic 5 | . . . . . . . . 2 . . . . . . 1 1 . 1 . . Database Lockouts 1 | . . . 1 . . . . . . . . . . . . . . . . . Manual 31 | . 3 . 10 . 1 . 2 12 . . . . . . . . . 3 . . Terminals 62 | . 10 . 15 . . . 3 16 . 1 . 4 1 . . . 2 5 . 5 Fabricators . | . . . . . . . . . . . . . . . . . . . . . Repair Stations . | . . . . . . . . . . . . . . . . . . . . . Recycling Units 24 | . . . 3 . . . . 10 1 . . . . . 5 . . 5 . . Scanalyzers . | . . . . . . . . . . . . . . . . . . . . . Garrison Access 1 | . . . . . . . . . . . . . . . . 1 . . . . Terminal Hacks 22 | . 1 . 5 . 1 . 1 6 . 1 . 2 1 . . . 2 2 . . Record 3 | . . . . . . . . 1 . . . . . . . . 2 . . . Part Schematic 1 | . . . . . . . . 1 . . . . . . . . . . . . Robot Analysis 5 | . 1 . 4 . . . . . . . . . . . . . . . . . Prototype ID Bank 4 | . . . 1 . . . 1 . . . . 1 . . . . . 1 . . Open Door 2 | . . . . . . . . 2 . . . . . . . . . . . . Open DSF 3 | . . . . . . . . . . 1 . . 1 . . . . 1 . . Branch Access Points 1 | . . . . . . . . . . . . 1 . . . . . . . . Unreport Threat 1 | . . . . . . . . 1 . . . . . . . . . . . . Zone Layout 1 | . . . . . . . . 1 . . . . . . . . . . . . EX-Prototype ID Bank 1 | . . . . . 1 . . . . . . . . . . . . . . . Fabricator Hacks . | . . . . . . . . . . . . . . . . . . . . . Repair Station Hacks . | . . . . . . . . . . . . . . . . . . . . . Recycling Unit Hacks 9 | . . . . . . . . 3 1 . . . . . 3 . . 2 . . Report Inventory 6 | . . . . . . . . 2 1 . . . . . 2 . . 1 . . Retrieve Matter 1 | . . . . . . . . 1 . . . . . . . . . . . . Retrieve Components 2 | . . . . . . . . . . . . . . . 1 . . 1 . . Scanalyzer . | . . . . . . . . . . . . . . . . . . . . . Garrison Access Hacks . | . . . . . . . . . . . . . . . . . . . . . Unauthorized Hacks 12 | . 1 . 4 . . . 1 4 . . . . . . . . . 2 . . Terminals 5 | . 1 . 2 . . . 1 1 . . . . . . . . . . . . Botnet 5 | . 1 . 2 . . . 1 1 . . . . . . . . . . . . Fabricators . | . . . . . . . . . . . . . . . . . . . . . Repair Stations . | . . . . . . . . . . . . . . . . . . . . . Recycling Units 7 | . . . 2 . . . . 3 . . . . . . . . . 2 . . Reject 3 | . . . 1 . . . . 1 . . . . . . . . . 1 . . Mask 4 | . . . 1 . . . . 2 . . . . . . . . . 1 . . Scanalyzers . | . . . . . . . . . . . . . . . . . . . . . Garrison Access . | . . . . . . . . . . . . . . . . . . . . . Data Cores Recovered 4 | . . . 1 . . . . 1 . 1 . . . . . . . 1 . . Used 1 | . . . . . . . . . . . . . . . . . . 1 . . Hacking Detections 26 | . 3 . 4 . . . 1 9 . 1 . 1 . . 2 1 . 2 . 2 Full Trace Events 4 | . . . 1 . . . . 1 . . . . . . . . . 1 . 1 Feedback Events 1 | . . . . . . . . . . . . . . . . . . . . 1 Corruption 1 | . . . . . . . . . . . . . . . . . . . . 1 Feedback Blocked . | . . . . . . . . . . . . . . . . . . . . . Robot Schematics Acquired . | . . . . . . . . . . . . . . . . . . . . . Robots Built . | . . . . . . . . . . . . . . . . . . . . . Authchips . | . . . . . . . . . . . . . . . . . . . . . Time . | . . . . . . . . . . . . . . . . . . . . . Total Robot Build Rating . | . . . . . . . . . . . . . . . . . . . . . Part Schematics Acquired 1 | . . . . . . . . 1 . . . . . . . . . . . . Parts Built . | . . . . . . . . . . . . . . . . . . . . . Authchips . | . . . . . . . . . . . . . . . . . . . . . Time . | . . . . . . . . . . . . . . . . . . . . . Total Part Build Rating . | . . . . . . . . . . . . . . . . . . . . . Parts Repaired . | . . . . . . . . . . . . . . . . . . . . . Time . | . . . . . . . . . . . . . . . . . . . . . Parts Recycled . | . . . . . . . . . . . . . . . . . . . . . Recycled Matter . | . . . . . . . . . . . . . . . . . . . . . Retrieved Matter 29 | . . . . . . . . 29 . . . . . . . . . . . . Retrieved Components 4 | . . . . . . . . . . . . . . . 2 . . 2 . . Parts Scanalyzed . | . . . . . . . . . . . . . . . . . . . . . Part Schematics Acquired . | . . . . . . . . . . . . . . . . . . . . . Parts Damaged . | . . . . . . . . . . . . . . . . . . . . . Bothacking | -11 -10 -10 -9 -9 -9 -8 -8 -8 -8 -6 -6 -5 -4 -4 -4 -3 -3 -2 -2 -1 ------------ Run | Jun Mat Min Mat Min Exi Min Mat Sto Rec Fac DSF Fac Fac Was Fac Res Qua Res DSF Acc Used RIF Installer . | . . . . . . . . . . . . . . . . . . . . . Robots Hacked . | . . . . . . . . . . . . . . . . . . . . . Non-combat . | . . . . . . . . . . . . . . . . . . . . . Combat . | . . . . . . . . . . . . . . . . . . . . . Robot Hacks Applied . | . . . . . . . . . . . . . . . . . . . . . Relay Couplers Released 1 | . . . . . . . . 1 . . . . . . . . . . . . Machine Destruction 1 | . . . . . . . . 1 . . . . . . . . . . . . Fabnet Peak Effective % . | . . . . . . . . . . . . . . . . . . . . . Robots Rewired . | . . . . . . . . . . . . . . . . . . . . . Allies Hacked . | . . . . . . . . . . . . . . . . . . . . . Hacks Repelled . | . . . . . . . . . . . . . . . . . . . . . Allies | -11 -10 -10 -9 -9 -9 -8 -8 -8 -8 -6 -6 -5 -4 -4 -4 -3 -3 -2 -2 -1 -------- Run | Jun Mat Min Mat Min Exi Min Mat Sto Rec Fac DSF Fac Fac Was Fac Res Qua Res DSF Acc Total Allies 12 | . . 1 . 1 . . . 10 . . . . . . . . . . . . Largest Group 10 | . . 1 1 2 . . . 10 . . . . . . . . . . . . Highest-Rated Group 173 | . . 31 31 62 . . . 173 . . . . . . . . . . . . Highest-Rated Ally 31 | . . 31 31 31 . . . 29 . . . . . . . . . . . . Total Orders . | . . . . . . . . . . . . . . . . . . . . . Ally Attacks 103 | . . 4 18 5 . . . 67 . . 9 . . . . . . . . . Total Damage 2327 | . . 42 292 62 . . . 1413 . . 518 . . . . . . . . . Kills 22 | . . 2 3 2 . . . 13 . . 2 . . . . . . . . . Allies Corrupted . | . . . . . . . . . . . . . . . . . . . . . Allies Melted . | . . . . . . . . . . . . . . . . . . . . . Turrets Deployed 3 | . . . . . . . . 1 . . 2 . . . . . . . . . Intel | -11 -10 -10 -9 -9 -9 -8 -8 -8 -8 -6 -6 -5 -4 -4 -4 -3 -3 -2 -2 -1 ------- Run | Jun Mat Min Mat Min Exi Min Mat Sto Rec Fac DSF Fac Fac Was Fac Res Qua Res DSF Acc Robot Analysis Total 5 | . 1 . 4 . . . . . . . . . . . . . . . . . Derelict Logs Recovered 3 | . . 1 . 2 . . . . . . . . . . . . . . . . Drone Launches . | . . . . . . . . . . . . . . . . . . . . . Drone Recoveries . | . . . . . . . . . . . . . . . . . . . . . Exploration | -11 -10 -10 -9 -9 -9 -8 -8 -8 -8 -6 -6 -5 -4 -4 -4 -3 -3 -2 -2 -1 ------------- Run | Jun Mat Min Mat Min Exi Min Mat Sto Rec Fac DSF Fac Fac Was Fac Res Qua Res DSF Acc Turns Passed 8728 | . 765 556 372 1081 983 104 607 1431 404 87 115 294 93 51 141 505 454 304 57 324 Spaces Moved 4801 | 1 383 443 218 577 397 30 154 425 207 53 67 151 129 131 212 278 362 248 42 293 Core . | . . . . . . . . . . . . . . . . . . . . . Treads 1937 | . . . . 241 397 30 73 425 207 53 67 37 . . . 4 . 166 42 195 Legs 105 | 1 104 . . . . . . . . . . . . . . . . . . . Wheels 1357 | . 279 443 218 336 . . 81 . . . . . . . . . . . . . Hover . | . . . . . . . . . . . . . . . . . . . . . Flight 1402 | . . . . . . . . . . . . 114 129 131 212 274 362 82 . 98 Fastest Speed 20 | 120 105 105 130 145 160 320 210 237 156 157 157 48 28 28 22 20 72 72 72 30 Average Speed 133 | 120 139 107 139 151 238 320 268 272 158 157 157 85 29 28 30 64 72 72 72 56 Slowest Speed 400 | 120 260 130 145 160 320 320 400 320 237 157 157 172 107 28 42 137 72 72 72 72 Overloaded Moves . | . . . . . . . . . . . . . . . . . . . . . Propulsion Burnouts . | . . . . . . . . . . . . . . . . . . . . . Robots Hopped 5 | . . . . . . . . . . . . . . . 2 3 . . . . Cave-ins Triggered 1 | . . 1 . . . . . . . . . . . . . . . . . . Exploration Rate (%) 34 | 2 43 74 21 99 66 11 25 63 38 2 85 5 4 68 8 9 28 8 50 15 Regions Visited 20 Branch Regions 7 Pre-discovered Areas 1 | . . . . 1 . . . . . . . . . . . . . . . . Known Exits Taken 5 | . . . . . . . 1 . . 1 . . . . . 1 1 1 . . Unknown Exits Taken 11 | 1 1 1 1 1 1 1 . 1 1 . . 1 . . 1 . . . . . Scrap Searched 3 | . . 1 . 2 . . . . . . . . . . . . . . . . Spaces Dug 137 | . . 9 . . . . . 20 . . . . 1 . 2 20 28 38 1 18 Terrain Destroyed 667 | . 3 118 21 13 . 25 110 146 14 5 16 22 3 . 3 36 48 54 2 28 Melee 2 | . . . . . . . . 2 . . . . . . . . . . . . Projectile 145 | . . . . . . . . . . . . 6 3 . 3 36 48 19 2 28 AOE 520 | . 3 118 21 13 . 25 110 144 14 5 16 16 . . . . . 35 . . Terrain Rammed . | . . . . . . . . . . . . . . . . . . . . . Walls Destroyed . | . . . . . . . . . . . . . . . . . . . . . Machines Disabled . | . . . . . . . . . . . . . . . . . . . . . Actions | -11 -10 -10 -9 -9 -9 -8 -8 -8 -8 -6 -6 -5 -4 -4 -4 -3 -3 -2 -2 -1 --------- Run | Jun Mat Min Mat Min Exi Min Mat Sto Rec Fac DSF Fac Fac Was Fac Res Qua Res DSF Acc Total 6656 | . 536 505 266 742 447 37 284 603 276 55 75 297 175 143 274 580 520 356 63 422 Wait 995 | . 68 40 3 129 . 5 66 45 5 . . 103 26 11 46 216 89 63 4 76 Move 4774 | . 382 442 217 576 396 29 153 424 206 53 66 150 129 130 207 272 361 248 41 292 Hop 4 | . . . . . . . . . . . . . . . 2 2 . . . . Pick Up 136 | . 24 4 11 6 28 . 6 18 8 . 3 2 1 . . 6 7 6 3 3 Fast Attach 68 | . 3 1 1 . 1 . 9 9 5 1 . 10 3 . 2 11 4 4 3 1 Attach 34 | . 3 1 8 1 . . 1 4 1 . 2 3 1 . 1 . . 3 2 3 Detach 19 | . . . 2 . . . 2 4 . . . 2 . . 1 3 4 1 . . Swap 44 | . 3 4 3 1 . 2 5 15 . . . 1 . . . . 1 7 . 2 Drop 154 | . 12 3 8 6 22 . 6 22 36 . 2 4 3 . . 15 2 3 3 7 Fire 394 | . 41 10 13 23 . 1 36 56 5 1 2 22 12 2 15 37 52 21 7 38 Melee 16 | . . . . . . . . 6 10 . . . . . . . . . . . Ram . | . . . . . . . . . . . . . . . . . . . . . Kick . | . . . . . . . . . . . . . . . . . . . . . Crush . | . . . . . . . . . . . . . . . . . . . . . Escape Stasis 18 | . . . . . . . . . . . . . . . . 18 . . . . Rewire . | . . . . . . . . . . . . . . . . . . . . . Trap . | . . . . . . . . . . . . . . . . . . . . . Miscellaneous . | . . . . . . . . . . . . . . . . . . . . . Route ------- -11/Junkyard -10/Materials (discovered 2 exits: *Mat / [*Min]) -10/Mines -9/Materials -9/Mines (discovered 3 exits: *Mat x2 / *Exi) -9/Exiles -8/Mines -8/Materials -8/Storage -8/Recycling -6/Factory -6/DSF -5/Factory (discovered 5 exits: *Fac / Upp x2 / Ext x2) -4/Factory -4/Waste -4/Factory -3/Research -3/Quarantine -2/Research -2/DSF -1/Access To Epsilon Eridani History --------- Turn | Location | Event 1 | -11/Junkyard | Discovered new exit (range 0) 1 | -11/Junkyard | Entered Materials 66 | -10/Materials | Discovered new exit (range 6) 303 | -10/Materials | Build established: Mutant 655 | -10/Materials | Discovered new exit (range 7) 766 | -10/Materials | Entered Mines 990 | -10/Mines | Assembled infested the area 1030 | -10/Mines | A weapon hastily lodged in a ceiling crevice suddenly fell to the ground 1156 | -10/Mines | Core integrity fell below 50% 1169 | -10/Mines | Core integrity fell below 20% 1175 | -10/Mines | Escorted by a lone wolf Derelict 1210 | -10/Mines | Crushed by falling debris 1294 | -10/Mines | Discovered new exit (range 11) 1322 | -10/Mines | Entered Materials 1322 | -9/Materials | Accompanied by 1 ally 1322 | -9/Materials | Evolved 2 slots: Propulsion x2 1376 | -9/Materials | Central database locked down 1564 | -9/Materials | Discovered new exit (range 16) 1694 | -9/Materials | Entered Mines 1694 | -9/Mines | Accompanied by 1 ally 1914 | -9/Mines | Discovered new exit (range 10) 1956 | -9/Mines | Learned Materials emergency access door positions 1959 | -9/Mines | Received a Mining Laser from a helpful Derelict 2013 | -9/Mines | Received a Rocket Launcher from a helpful Derelict 2349 | -9/Mines | Learned location of Zion (-6) 2406 | -9/Mines | Joined a pair of Derelicts in attacking an 0b10 outpost 2591 | -9/Mines | Discovered new exit (range 10) 2618 | -9/Mines | Build established: Scavenger-Mutant 2768 | -9/Mines | Deemed a non-threat by the Exiles lab entrance 2768 | -9/Mines | Discovered new exit (range 5) 2775 | -9/Mines | Entered Exiles 2814 | -9/Exiles | Met 8R-AWN 2843 | -9/Exiles | Met EX-HEX 2891 | -9/Exiles | Met EX-BIN 2910 | -9/Exiles | Aligned with FarCom system 2911 | -9/Exiles | Given EX-Vault access code 2948 | -9/Exiles | Opened EX-Vault 2963 | -9/Exiles | Found 0b10 Alert Chip 2969 | -9/Exiles | Found Deploy-a-Sentry 2972 | -9/Exiles | Found Deploy-a-Sentry 2974 | -9/Exiles | Found Deploy-a-Sentry 2979 | -9/Exiles | Found XL Autogun Array 3013 | -9/Exiles | Warned to stay clear of 0b10 Research branches 3384 | -9/Exiles | Build established: Hauler-Mutant 3589 | -9/Exiles | Met EX-DEC 3723 | -9/Exiles | Discovered new exit (range 14) 3758 | -9/Exiles | Stole three prototypes: 0b10 Alert Chip, XL Autogun Array, Deploy-a-Sentry 3758 | -9/Exiles | Entered Mines 3816 | -8/Mines | Discovered new exit (range 14) 3862 | -8/Mines | Entered Materials 3862 | -8/Materials | Evolved 2 slots: Propulsion x2 3863 | -8/Materials | Identified exit to Storage 4030 | -8/Materials | Garrison activated, responded to threat 4069 | -8/Materials | Destroyed 7 combat bots 4261 | -8/Materials | Destroyed 7 combat bots 4469 | -8/Materials | System corruption reached 10% 4469 | -8/Materials | Entered Storage 4574 | -8/Storage | Destroyed 8 combat bots 4861 | -8/Storage | Garrison activated, responded to threat 5207 | -8/Storage | Assisted by bots powering up and referring to "LRC-V3" 5669 | -8/Storage | First assault squad dispatched 5726 | -8/Storage | DAS Turret deployed 5891 | -8/Storage | Used back door to open Recycling access 5891 | -8/Storage | Discovered new exit (range 5) 5900 | -8/Storage | Entered Recycling 5930 | -8/Recycling | Found Scrap Engine 6192 | -8/Recycling | Build established: Scavenger-Mutant 6288 | -8/Recycling | Discovered new exit (range 9) 6304 | -8/Recycling | Entered Factory 6304 | -6/Factory | Evolved 4 slots: Power x1, Utility x3 6306 | -6/Factory | FarCom data flow suspended 6391 | -6/Factory | Identified exit to DSF 6391 | -6/Factory | Entered DSF 6399 | -6/DSF | DAS Turret deployed 6415 | -6/DSF | DAS Turret deployed 6431 | -6/DSF | Additional patrols routed to DSF 6474 | -6/DSF | Discovered new exit (range 15) 6506 | -6/DSF | Entered Factory 6506 | -5/Factory | Evolved 2 slots: Propulsion x1, Utility x1 6562 | -5/Factory | Identified exit to Upper Caves 6562 | -5/Factory | Identified exit to Extension 6681 | -5/Factory | Lost 9 parts (1p5n3u) 6775 | -5/Factory | Discovered new exit (range 15) 6800 | -5/Factory | Entered another Factory area 6800 | -4/Factory | Evolved 2 slots: Utility x2 6893 | -4/Factory | Sucked down chute 6893 | -4/Factory | Entered Waste 6908 | -4/Waste | EMP discharged 6910 | -4/Waste | Spotted C-40 Crusher 6918 | -4/Waste | Spotted C-40 Crusher 6919 | -4/Waste | Spotted C-40 Crusher 6924 | -4/Waste | Spotted C-40 Crusher 6935 | -4/Waste | Spotted C-40 Crusher 6935 | -4/Waste | Spotted C-40 Crusher 6940 | -4/Waste | Discovered new exit (range 16) 6944 | -4/Waste | Entered Factory 7080 | -4/Factory | Discovered new exit (range 11) 7085 | -4/Factory | Entered Research 7085 | -3/Research | Evolved 2 slots: Power x1, Utility x1 7265 | -3/Research | Found Prototype Processor 7265 | -3/Research | Identified Exp. Terrain Scan Processor 7579 | -3/Research | Discovered new exit (range 15) 7589 | -3/Research | Identified exit to Quarantine 7590 | -3/Research | Entered Quarantine 7651 | -3/Quarantine | Found Alien Impact Weapon 7696 | -3/Quarantine | Build established: Mutant 7825 | -3/Quarantine | Discovered new exit (range 20) 7840 | -3/Quarantine | Found Sigix Corpse 7846 | -3/Quarantine | Found Sigix Corpse 7965 | -3/Quarantine | Found Alien Artifact 7991 | -3/Quarantine | Cryocooling Duct disabled 7997 | -3/Quarantine | Cryocooling Duct disabled 8006 | -3/Quarantine | Ambient heat levels rising (+20) 8006 | -3/Quarantine | Non-combat units ordered to evacuate 8012 | -3/Quarantine | Ambient heat levels rising (+20) 8012 | -3/Quarantine | Combat units ordered to evacuate 8043 | -3/Quarantine | Identified exit to Research 8044 | -3/Quarantine | Entered Research 8044 | -2/Research | Evolved 2 slots: Utility x2 8048 | -2/Research | Identified Subatomic Replicator 8286 | -2/Research | Found Adv. Powered Armor 8293 | -2/Research | Spotted B-90 Cyclops 8348 | -2/Research | Identified exit to DSF 8348 | -2/Research | Entered DSF 8356 | -2/DSF | Discovered new exit (range 21) 8380 | -2/DSF | Additional patrols routed to DSF 8401 | -2/DSF | Identified exit to Access 8405 | -2/DSF | Entered Access 8405 | -1/Access | Evolved 2 slots: Utility x1, Weapon x1 8726 | -1/Access | Discovered new exit (range 7) 8729 | -1/Access | Identified exit to Surface 8729 | *** | Escaped! Last Messages --------------- 08639_ U-05 Engineer builds a Wall. 08655_ ALERT: Rogue bot located, Programmers report to Access Zone 7E. 08668_ Scrap Engine modifies Treaded ITA-Surge Exoskeleton: Coverage -21, Max Integrity -272, Support -52, -Siege Renamed Flying ITA Exoskeleton. 08670_ U-05 Engineer builds a Wall. 08670_ Acquired Centrium Wheel. 08673_ Connecting with Terminal... Feedback: System corruption (+1%). 08673_ ALERT: Suspicious activity at Terminal A017. Dispatching Investigation squad. 08678_ Acquired Q-thruster. 08689_ Acquired 63 matter. 08692_ System corrupted: Energy discharge (-96). 08699_ Dropped Adv. Weight Redist. System. 08711_ Connecting with Terminal... 08726_ Main Access Shell breached. 08726_ EXIT=FOUND 08729_ EXIT=IDENTIFIED: SURFACE [Achievement: Epsilon Run] Map ----- +----------------------------------------------------+ | ???????????????????????# # """""" #?????????? | | ???????????????????????# # """""" #?????????? | | ???????????????????????# # """""" #?????????? | | ?????????????????#?????# # """""" #?????????? | | ????????????????## ##### ############"#?????????? | | ????????????????+ ############"#?????????? | | ????????????????# # #?????????? | | ????????????????# ^ # #?????????? | | ????????????????# + ########### | | ????????????????# # ## ] # | | ????????????????# # !##] # | | ????????????????# !############## " # | | ?????? # """ # | | ????? k p # """ # | | ???????############################### # " # | | ?????????????????????????????????????# + # | | ?????????????????????????????????????# # [ # | | ?????????????????????????????????????# u# # | | ?????????????????????????????###?????# "#"######? | | ????????????????????????????##"##????# ####?????? | | ????????????????????#########;""######u #????????? | | ????????????????????" " #????????? | | ??????????????BB????" " #????????? | | ??????????????BB????" """" " " #????????? | | ??????????????????????" " " #????????? | | ??????????????????????" "@ " " #????????? | | ??????????????????????" "" " " #????????? | | ??????????????????????" " " #????????? | | ??????????????BB??????"""""" " #????????? | | ??????????????BB??????????? """" """ #????????? | | ??????????????????????????? """"T""" #????????? | | ???????????????????????????###"####### #????????? | | ?????????????????????????????????????# #????????? | | ?????????????????????????????????????# #????????? | | ?????????????????????????????????????# #????????? | | ?????????????????????????????????????# #????????? | | ?????????????????????????????????????# #????????? | | ?????????????????????????????????????? #????????? | | ?????????????????????????????????????? #????????? | | ?????????????????????????????????????? #????????? | | ?????????????????????????????????????? ????????? | | ?????????????????????????????????????? ????????? | | ???????????????????????????????????????=?????????? | | ?????????????????????????????????????????????????? | | ?????????????????????????????????????????????????? | | ?????????????????????????????????????????????????? | | ?????????????????????????????????????????????????? | | ?????????????????????????????????????????????????? | | ?????????????????????????????????????????????????? | | ?????????????????????????????????????????????????? | +----------------------------------------------------+ Best States ------------- Heat Dissipation 71 Coolant Potential 80 Energy Generation 77 Energy Capacity 684 Matter Stores 300 Matter Capacity 300 Sight Range 22 Robot Scan Range 18 Terrain Scan Range 20 Terrain Scan Density 10 Jamming Range 12 Power Amplification 60 Additional Mass Support 9 Armor Coverage 400 Evasion (%) 76 Targeting Accuracy 20 Melee Accuracy 8 Target Analysis 5 Recoil Reduction 6 Offensive Hacking 12 Defensive Hacking 12 Item Schematics ----------------- Hrd. Heavy Armor Plating | -8/Storage | Hacked Robot Schematics ------------------ None Fabricated ------------ Nothing Alien Tech Used ----------------- Subatomic Replicator Achievements -------------- Denied? Epsilon Run Challenges ------------ None Game ------ Seed SurgeScanPrototype Manual? 0 Play Time 01:46:42 Cumulative 451.5 hours Start 2023.03.11 @ 20:22:34 End 2023.03.12 @ 00:36:32 Sessions 1 Manual Loads 0 Difficulty Rogue Special Mode None Game No. 501 Rogue 501 Adventurer 0 Explorer 0 Win Type 0 Total 1 Types 1/0/0/0/0/0/0/0/0 Lore% 60 Gallery% 79 Achievement% 65 Wizard Run 0 Options --------- ASCII 0 Keyboard 0 Movement Mouse Keybinds 0 Fullscreen 2 Font 24/Smallcaps Map View 76x50 Tactical HUD 1 Map Filters NONE Filters NONE Steam 1 RUN: d3c17800-2c0a-48d3-a72e-cc893c59f9f4